 Dungeon Crawl Stone Soup version 0.18.1-48-g4cf74bf (webtiles) character file.

6925 MARSONE the Blocker (level 11, -11/47 HPs)
             Began as a Gargoyle Fighter on July 19, 2016.
             Was a Priest of Trog.
             Mangled by a chaos spawn (13 damage)
             ... on level 1 of the Abyss.
             The game lasted 01:02:05 (9851 turns).

MARSONE the Blocker (Gargoyle Fighter)              Turns: 9851, Time: 01:02:05

Health: -11/47     AC: 26    Str: 25    XL:     11   Next: 7%
Magic:  0/8        EV:  6    Int:  8    God:    Trog [***...]
Gold:   362        SH: 13    Dex:  5    Spells: 0 memorised, 10 levels left

rFire  . . .     SeeInvis +     a - +0 flail
rCold  . . .     Gourm    .     V - +0 plate armour
rNeg   + . .     Faith    .     c - +1 shield
rPois  ∞         Spirit   +     (no helmet)
rElec  +         Dismiss  .     (no cloak)
rCorr  .         Reflect  .     y - +0 pair of gloves
SustAt .         Harm     .     p - +0 pair of boots
MR     .....     Rnd*Rage +     A - amulet of guardian spirit
Stlth  ..........               w - ring of see invisible
                                J - +2 ring of protection

@: mighty, exhausted, about to teleport, very slightly contaminated, hasted and
slowed, not resistant to hostile enchantments, extremely unstealthy
A: berserk 3, blurry vision 3, clumsy 2, frail 3, low mp 2, negative energy
resistance 1, screaming 2, electricity resistance, slow regeneration 2, weak 2,
unbreathing, petrification resistance, no device heal 2, rot immunity, subdued
magic 2, AC +7
a: Berserk, Trog's Hand, Burn Spellbooks, Renounce Religion


You were on level 1 of the Abyss.
You worshipped Trog.
Trog was most pleased with you.
You were very hungry.

You visited 3 branches of the dungeon, and saw 11 of its levels.
You visited the Abyss 1 time.

You collected 362 gold pieces.

Inventory:

Hand Weapons
 a - a +0 flail (weapon)
Armour
 c - a +1 shield (worn)
 p - a +0 pair of boots (worn)
 s - a +0 pair of gloves
 y - a +0 pair of gloves (worn)
 D - a +0 ring mail of poison resistance
 O - a +0 plate armour
 V - a +0 plate armour (worn)
Jewellery
 b - an uncursed ring of protection from cold
 w - a ring of see invisible (right hand)
 A - an amulet of guardian spirit (around neck)
 J - a +2 ring of protection (left hand)
 Q - an uncursed ring of ice
Wands
 d - a wand of lightning (1/15)
 N - a wand of paralysis (17/24)
 P - a wand of slowing (21/48)
 U - a wand of flame (25/48)
Scrolls
 e - 8 scrolls of identify
 g - 4 scrolls of remove curse
 i - 3 scrolls of enchant armour
 m - a scroll of fog {unknown}
 r - a scroll of teleportation
 u - a scroll of blinking {unknown}
 v - a scroll of random uselessness
 x - a scroll of enchant weapon {unknown}
 B - a scroll of fear {unknown}
 E - a scroll of holy word {unknown}
 H - a scroll of magic mapping
Potions
 h - a potion of berserk rage
 k - 2 potions of lignification {unknown}
 o - a potion of invisibility {unknown}
 q - 2 potions of ambrosia
 t - 2 potions of curing
 z - 3 potions of might
 C - a potion of agility {unknown}
 F - a potion of mutation
 G - a potion of heal wounds
 I - 2 potions of haste
 M - a potion of brilliance
 S - a potion of flight
Comestibles
 f - 6 bread rations
 j - 4 meat rations
 l - 4 beef jerkies
 K - 3 fruits
 R - a slice of pizza


   Skills:
 + Level 8.2 Fighting
 + Level 8.9 Maces & Flails
 + Level 8.5 Armour
 + Level 11.5 Shields
 + Level 0.1 Evocations


You had 10 spell levels left.
You didn't know any spells.

Dungeon Overview and Level Annotations

Branches:
Dungeon (9/15)             Temple (1/1) D:4            Lair (1/8) D:9
    Orc: D:9-12

Altars:
Ashenzari
Cheibriados
Dithmenos
Elyvilon
Fedhas
Gozag
Kikubaaqudgha
Makhleb
Nemelex Xobeh
Okawaru
Pakellas
Qazlal
Ru
Sif Muna
Trog
Vehumet
Xom
Yredelemnul
Zin
The Shining One

Annotations:
Lair:1 Sonja


Innate Abilities, Weirdness & Mutations

You are resistant to torment.
Your stone body is resilient (AC +7).
You are immune to poison.
You resist negative energy.
You are resistant to electric shocks.
You can survive without breathing.
You are immune to petrification.
You are immune to rotting.
[You have an uncontrollable temper.]
[Scrolls take you much longer to read.]
[You are very clumsy. (Dex -4)]
[You are extremely frail (-30% HP).]
[Your magical capacity is very low (-20% MP).]
[You sometimes yell uncontrollably at your foes.]
[You do not regenerate naturally when monsters are visible.]
[You are very weak. (Str -4)]
[Potions and wands are poor at restoring your health.]
[Your spells are easier to cast, but less powerful.]


Message History

You block the chaos spawn's attack.
As you read the scroll of teleportation, it crumbles to dust.
You feel strangely unstable.
You feel the power of the Abyss delaying your translocation!
It was a potion of haste.
You feel yourself speed up.
The chaos spawn hits you but does no damage.
The chaos spawn hits you.
You are very lightly contaminated with residual magic.
It was a potion of cure mutation.
It has a very clean taste.
You feel stupid.
You shed all your fur.
You feel more energetic. You block the chaos spawn's attack.
You feel much better.
The chaos spawn briefly grows a face disturbingly similar to your own.
The chaos spawn gores you but does no damage.
You're too exhausted to go berserk.
You feel very mighty all of a sudden. The chaos spawn gores you!
* * * LOW HITPOINT WARNING * * *
The chaos spawn freezes you!
You die...

. .( # .#.
## #. #.. ..
#. ##..#. #
..##.#..#. .
........## .
# #..*§@#
#.# #...3##
# #.##... .
.# #.#§.*.#
#. # ..
#.... §. .
#.#.#..##.##
#...#.## ##
§#####


You could see 2 wretched stars and a chaos spawn.

Vanquished Creatures
  A giant orange brain (Abyss:1)
  A troll (D:9)
  Grinder (D:3)
  Prince Ribbit (D:6)
  5 blink frogs (Lair:1)
  5 yaks (Lair:1)
  A wyvern (D:9)
  Eustachio (D:6)
  2 fire bats (Abyss:1)
  Edmund (D:6)
  2 water moccasins (Lair:1)
  An orc warrior (D:8)
  A porcupine (Lair:1)
  2 ice beasts
  4 sky beasts
  3 ogres
  2 centaurs
  A crocodile (Lair:1)
  5 giant frogs
  2 big kobolds
  4 scorpions
  2 howler monkeys (D:7)
  6 crimson imps
  A jelly (D:5)
  3 giant frog zombies (D:9)
  2 orc priests (D:6)
  3 giant frog skeletons
  5 orc wizards
  3 iguanas
  6 worker ants
  3 worker ant zombies
  A gnoll (D:1)
  A howler monkey skeleton (D:6)
  4 adders
  7 river rats (Lair:1)
  2 shadow imps
  2 oozes
  An adder skeleton (D:7)
  2 worms
  2 dart slugs
  6 giant geckos
  41 orcs
  5 ball pythons
  3 giant cockroaches
  6 goblins
  7 hobgoblins
  19 jackals
  17 kobolds
  5 quokkas
  4 bats
  A giant gecko skeleton (D:5)
  4 giant newts
  A quokka zombie (D:9)
  7 rats
  A fungus (D:9)
229 creatures vanquished.

Vanquished Creatures (others)
  A fire bat (Abyss:1)
  2 fungi (Lair:1)
  2 plants (Lair:1)
5 creatures vanquished.

Grand Total: 234 creatures vanquished

Notes
Turn   | Place    | Note
--------------------------------------------------------------
     0 | D:1      | MARSONE the Gargoyle Fighter began the quest for the Orb.
     0 | D:1      | Reached XP level 1. HP: 14/14 MP: 1/1
   133 | D:1      | Reached XP level 2. HP: 19/19 MP: 2/2
   281 | D:1      | Reached XP level 3. HP: 19/24 MP: 3/3
  1764 | D:3      | Reached XP level 4. HP: 27/29 MP: 4/4
  1783 | D:3      | Noticed Grinder
  1831 | D:3      | Paralysed by Grinder for 2 turns
  1843 | D:3      | Killed Grinder
  1843 | D:3      | Reached skill level 4 in Shields
  1843 | D:3      | Reached XP level 5. HP: 9/34 MP: 5/5
  1843 | D:3      | Reached XP level 6. HP: 10/39 MP: 6/6
  2881 | D:4      | Reached skill level 5 in Armour
  3290 | D:4      | Found a staircase to the Ecumenical Temple.
  3326 | D:4      | Reached XP level 7. HP: 41/44 MP: 7/7
  3350 | Temple   | Entered the Ecumenical Temple
  3536 | Temple   | Became a worshipper of Trog the Wrathful
  3875 | D:4      | Reached skill level 5 in Shields
  4026 | D:5      | Entered Level 5 of the Dungeon
  4234 | D:5      | Reached * piety under Trog
  4427 | D:5      | Reached skill level 5 in Fighting
  4761 | D:6      | Noticed Prince Ribbit
  4801 | D:6      | Killed Prince Ribbit
  4801 | D:6      | Reached skill level 5 in Maces & Flails
  4801 | D:6      | Reached XP level 8. HP: 31/50 MP: 8/8
  4859 | D:6      | Noticed Eustachio
  4943 | D:6      | Killed Eustachio
  4943 | D:6      | Reached skill level 6 in Shields
  5065 | D:6      | Reached ** piety under Trog
  5106 | D:6      | Gained mutation: [Your magical capacity is low (-10% MP).] [potion of mutation]
  5106 | D:6      | Gained mutation: Your mind is acute. (Int +2) [potion of mutation]
  5106 | D:6      | Gained mutation: You are covered in fur (AC +1). [potion of mutation]
  5223 | D:6      | Reached skill level 7 in Shields
  5527 | D:6      | Noticed Edmund
  5538 | D:6      | Killed Edmund
  5645 | D:6      | Reached XP level 9. HP: 55/55 MP: 8/8
  5835 | D:6      | Reached skill level 8 in Shields
  6327 | D:7      | Found a radiant altar of Vehumet.
  7030 | D:8      | Reached skill level 9 in Shields
  7664 | D:9      | Reached *** piety under Trog
  7871 | D:9      | Found an opulent altar of Gozag.
  7884 | D:9      | Found a blossoming altar of Fedhas.
  7977 | D:9      | Reached XP level 10. HP: 61/61 MP: 9/9
  8025 | D:9      | Received a gift from Trog
  8132 | D:9      | Found a staircase to the Lair.
  8172 | D:9      | Reached skill level 10 in Shields
  8505 | Lair:1   | Entered Level 1 of the Lair of Beasts
  8934 | Lair:1   | Noticed Sonja
  9527 | Lair:1   | Reached skill level 11 in Shields
  9623 | Lair:1   | Cast into level 1 of the Abyss (Sonja)
  9812 | Abyss:1  | Noticed a wretched star
  9817 | Abyss:1  | Noticed a wretched star
  9817 | Abyss:1  | Noticed a giant orange brain
  9835 | Abyss:1  | Killed a giant orange brain
  9835 | Abyss:1  | Reached XP level 11. HP: 18/47 MP: 3/7
  9849 | Abyss:1  | Lost mutation: Your mind is acute. (Int +2) [potion of cure mutation]
  9849 | Abyss:1  | Lost mutation: You are covered in fur (AC +1). [potion of cure mutation]
  9849 | Abyss:1  | Lost mutation: [Your magical capacity is extremely low (-30% MP).] [potion of cure mutation]
  9851 | Abyss:1  | HP: 2/47 [chaos spawn (8)]
  9851 | Abyss:1  | Mangled by a chaos spawn

Skill      XL: |  1  2  3  4  5  6  7  8  9 10 |
---------------+-------------------------------+-----
Fighting       | 4 5 6 8 |  8.2
Armour         | 4 5 6 7 8 |  8.5
Maces & Flails | 3 4 5 6 7 8 |  8.9
Shields        | 4 5 7 9 11 | 11.5
Evocations     | |  0.1

Action                   |  1- 3 |  4- 6 |  7- 9 | 10-12 || total
-------------------------+-------+-------+-------+-------++-------
Melee: Flail             |   104 |   161 |   722 |   377 ||  1364
Throw: Javelin           |     3 |       |    12 |     5 ||    20
       Tomahawk          |       |       |    11 |     2 ||    13
Invok: Berserk           |       |       |     1 |     2 ||     3
       Burn Spellbooks   |       |       |     1 |       ||     1
       Trog's Hand       |       |       |     1 |       ||     1
Evoke: Wand              |       |       |       |     1 ||     1
  Use: Potion            |     1 |     3 |     4 |     7 ||    15
       Scroll            |       |     4 |     5 |     4 ||    13
  Eat: Chunk             |     1 |     2 |     8 |     4 ||    15
       Meat ration       |     1 |       |     1 |       ||     2
       Bread ration      |       |       |     1 |     1 ||     2
Armor: Scale mail        |    58 |    70 |   182 |       ||   310
       Chain mail        |       |       |   104 |       ||   104
       Plate armour      |       |       |    85 |   229 ||   314
Dodge: Dodged            |    31 |    46 |   196 |    91 ||   364
Block: Shield            |    55 |    55 |   450 |   265 ||   825
